Unix NetHack Version 3.7.0-51 Work-in-progress - last build Mar 7 2022 13:06:07 (ce1e6a145e5d3e7dd6f4b57ba37794bc207988de,branch:master). Game began 2022-03-09 15:05:48, ended 2022-03-09 16:34:48. spontiff, neutral male gnomish Healer -- (..| ..h@# .\f|# -| # # # ) # # # # # ## #----- #....| |.)<| |[..| ----- Spontiff the Rhizotomist St:10 Dx:14 Co:16 In:8 Wi:15 Ch:17 Neutral S:300 Dlvl:6 $:0 HP:0(23) Pw:3(6) AC:-6 Xp:1/0 T:7086 Latest messages: You swap places with your large cat. You see here a hobgoblin corpse. There is a hobgoblin corpse here; eat it? [ynq] (n) y This hobgoblin corpse tastes okay. You feel wise! You must have been very observant. You finish eating the hobgoblin corpse. The dwarf queen throws a dagger! A dagger misses you. You have a little trouble lifting a dagger. Continue? [ynq] (q) n What do you want to use or apply? [afkostwxS or ?*] o You produce a strange whistling sound. The large cat vanishes and reappears next to you. The large cat bites the dwarf queen. The dwarf queen swings her mace at the large cat. The dwarf queen misses the large cat. The dwarf queen swings her mace at the large cat. The dwarf queen misses the large cat. The large cat bites the dwarf queen. The large cat bites the dwarf queen. The dwarf queen swings her mace at the large cat. The dwarf queen misses the large cat. The dwarf queen swings her mace at the large cat. The dwarf queen hits the large cat. What do you want to use or apply? [afkostwxS or ?*] s In what direction? k Status of the large cat (neutral): Level 9 HP 56(72) AC 4, tame. In what direction? k The large cat looks better. There is an open door here. You see here a partly eaten bugbear corpse. The large cat bites the dwarf queen. The dwarf queen swings her mace at the large cat. The dwarf queen hits the large cat. The dwarf queen swings her mace at the large cat. The dwarf queen misses the large cat. What do you want to use or apply? [afkostwxS or ?*] s In what direction? b Status of the large cat (neutral): Level 9 HP 54(72) AC 4, tame. What do you want to use or apply? [afkostwxS or ?*] s In what direction? h Status of the dwarf queen (lawful): Level 6 HP 7(25) AC 8. The large cat misses the dwarf queen. The dwarf queen swings her mace. The dwarf queen hits! The dwarf queen swings her mace. The dwarf queen hits! You die... Do you want your possessions identified? [ynq] (y) y Do you want to see the dungeon overview? [ynq] (y) y Major events: Turn 1: spontiff the neutral male gnomish Healer entered the dungeon 1076: entered the Gnomish Mines 1876: reached Mine Town 7086: killed by a dwarf queen Inventory: Armor h - an uncursed +2 orcish helm (being worn) g - an uncursed +1 pair of leather gloves (being worn) v - a blessed +1 pair of low boots (being worn) r - an uncursed +0 small shield (being worn) q - an uncursed +0 dwarvish cloak (being worn) d - a blessed +1 studded leather armor (being worn) Comestibles y - an uncursed apple a - an uncursed cream pie (wielded) p - an uncursed tripe ration Wands S - an uncursed wand of sleep (0:3) Tools f - an uncursed bag of holding containing 25 items t - an uncursed blindfold x - an uncursed magic lamp (lit) o - an uncursed magic whistle w - an uncursed mirror k - an uncursed skeleton key s - an uncursed stethoscope Contents of the bag of holding: 299 gold pieces an uncursed +0 dart a cursed +1 long sword a cursed +2 orcish helm an uncursed +3 small shield an uncursed scroll of confuse monster an uncursed scroll of create monster an uncursed scroll of gold detection an uncursed scroll of identify an uncursed scroll of teleportation an uncursed spellbook of cancellation a blessed spellbook of healing a cursed potion of acid 5 uncursed potions of extra healing an uncursed potion of gain ability an uncursed potion of see invisible 3 uncursed potions of water an uncursed ring of sustain ability an uncursed wand of magic missile (0:8) a cursed wand of striking (0:6) an uncursed brass lantern an uncursed oil lamp an uncursed oil lamp an uncursed +0 pick-axe an uncursed agate stone Spontiff the Healer's attributes: Background: You were a Rhizotomist, a level 1 male gnomish Healer. You were neutral, on a mission for Hermes who was opposed by Athena (lawful) and Poseidon (chaotic). You were in the Dungeons of Doom, on level 6. You entered the dungeon 7086 turns ago. You had 0 experience points, 20 were needed to attain level 2. Your score was 300 before end-of-game adjustments. Basics: You had 0 out of 23 hit points. You had 3 out of 6 energy points (spell power). Your armor class was -6. Your wallet was empty. Autopickup was on for '$!/="?' plus thrown, with exceptions. Final Characteristics: Your strength was 10 (limit:18/50). Your dexterity was 14 (limit:18). Your constitution was 16 (limit:18). Your intelligence was 8 (limit:19). Your wisdom was 15 (limit:18). Your charisma was 17 (limit:18). Final Status: You were not hungry. You were unencumbered. You were wielding some food. Final Attributes: You were piously aligned. You were poison resistant. You had infravision. You had a small defense bonus (+4). You were warded. You are dead. Miscellaneous: You encountered 1 bones level. Total elapsed playing time was 1 hour and 29 minutes. Vanquished creatures: a watch captain a ghost 2 small mimics 4 watchmen 2 bugbears a water nymph 3 shriekers 3 gnome leaders a paper golem 2 little dogs 8 dwarves a homunculus 3 kobold leaders a hill orc a rothe 2 rabid rats a giant bat 2 orc zombies a wererat 6 acid blobs 4 coyotes 8 hobbits 3 manes a large kobold 6 hobgoblins 2 giant rats a cave spider 2 yellow molds 2 green molds 11 gnomes 4 garter snakes 2 gnome zombies 12 geckos 17 jackals 3 foxes 2 kobolds a goblin 6 sewer rats 12 grid bugs 8 lichens 4 kobold zombies 18 newts 175 creatures vanquished. No species were genocided or became extinct. Voluntary challenges: You never hit with a wielded weapon. You were a pacifist. You read items or engraved 1 time. You never engraved Elbereth. You never genocided any monsters. You never polymorphed an object. You never changed form. You used no wishes. Achievements: You entered a shop. You entered the Gnomish Mines. You entered Minetown. You entered a temple. The Dungeons of Doom: levels 1 to 6 Level 1: Level 2: "Stashlet" A scroll shop, some fountains. Level 3: Stairs down to The Gnomish Mines. Level 4: A fountain. Final resting place for gax-Val-Hum-Fem-Law, killed by a sewer rat, while fainted from lack of food. Level 5: Level 6: <- You were here. A throne. Final resting place for you, killed by a dwarf queen. The Gnomish Mines: levels 4 to 7 Level 4: "Stashlet" Level 5: Level 6: Many shops, a temple, some fountains. Level 7: Game over: ---------- / \ / REST \ / IN \ / PEACE \ / \ | spontiff | | 299 Au | | killed by a | | dwarf queen | | | | | | 2022 | *| * * * | * _________)/\\_//(\/(/\)/\//\/|_)_______ Goodbye spontiff the Healer... You died in The Dungeons of Doom on dungeon level 6 with 300 points, and 299 pieces of gold, after 7086 moves. You were level 1 with a maximum of 23 hit points when you died.